TOP OF THE 1ST |
Salt Lake City Buzz batting - Pitching for Hialeah Dodos : RHP Jim Unknown
|
Pitching: RHP Jim Unknown
|
|
Batting: RHB Carlos López
|
0-0: Ball 1-0: Ball 2-0: Called Strike 2-1: Ball 3-1: Foul Ball, location: 2F 3-2: Base on Balls
|
Batting: SHB Carlton Reed
|
0-0: Ball 1-0: Swinging Strike 1-1: Ball 2-1: Called Strike 2-2: Grounds out, U3 (Groundball, 3L)
|
Batting: RHB Gustavo Berrios
|
0-0: Ball Wild Pitch! Carlos López to third 1-0: Ball 2-0: Called Strike 2-1: Ground out 1-3 (Groundball, 13S)
|
Batting: LHB Ángel Aguilar
|
0-0: Ball 1-0: Called Strike 1-1: SINGLE (Groundball, 34D) Carlos López scores
|
Batting: SHB Wayne Saunders
|
0-0: Called Strike Ángel Aguilar is caught stealing 2nd base
|
Top of the 1st over - 1 run(s), 1 hit(s), 0 error(s), 0 left on base; Salt Lake City 1 - Hialeah 0 |
BOTTOM OF THE 1ST |
Hialeah Dodos batting - Pitching for Salt Lake City Buzz : RHP Pedro Espinoza
|
Pitching: RHP Pedro Espinoza
|
|
Batting: RHB Diego Bonilla
|
0-0: Foul Ball, location: 2F 0-1: Ball 1-1: Fly out, F8 (Flyball, 8RD)
|
Batting: LHB Alfonso Núñez
|
0-0: Hit by Pitch
|
Batting: RHB Yoshio Matsuo
|
0-0: Ball Alfonso Núñez steals 2nd base 1-0: Called Strike 1-1: Ball 2-1: Called Strike 2-2: Ball 3-2: Foul Ball, location: 2F 3-2: 2-RUN HOME RUN (Flyball, 7D), Distance : 395 ft
|
Batting: LHB Jeff Rutherford
|
0-0: Ball 1-0: Called Strike 1-1: Ball 2-1: Ball 3-1: Foul Ball, location: 2F 3-2: Base on Balls
|
Batting: RHB Alexis Smeddon
|
0-0: Ball 1-0: Ball 2-0: Foul Ball, location: 2F 2-1: Foul Ball, location: 2F 2-2: Ball 3-2: Base on Balls Jeff Rutherford to second
|
Batting: LHB Raúl Aguirre
|
0-0: Ball 1-0: Swinging Strike 1-1: Swinging Strike 1-2: Foul Ball, location: 2F 1-2: Foul Ball, location: 2F 1-2: Fly out, F7 (Flyball, 7M)
|
Batting: LHB Perry Bothof
|
0-0: Fielders Choice at 2nd, 5-4 (Groundball, 56)
|
Bottom of the 1st over - 2 run(s), 1 hit(s), 0 error(s), 1 left on base; Salt Lake City 1 - Hialeah 2 |
TOP OF THE 2ND |
Salt Lake City Buzz batting - Pitching for Hialeah Dodos : RHP Jim Unknown
|
Batting: SHB Wayne Saunders
|
0-0: Called Strike 0-1: Foul Ball, location: 2F 0-2: Fly out, F6 (Line Drive, 56)
|
Batting: RHB Andrew Hall
|
0-0: Ball 1-0: Foul Ball, location: 2F 1-1: DOUBLE (Flyball, 89XD)
|
Batting: RHB Roger Lakes
|
0-0: Ball 1-0: Ball 2-0: Called Strike 2-1: Swinging Strike 2-2: Ground out U3 (Groundball, 3L) Andrew Hall to third
|
Batting: RHB Patrick Clark
|
0-0: Ball 1-0: Ball 2-0: Ball 3-0: Swinging Strike 3-1: Fly out, F5 (Line Drive, 56S)
|
Top of the 2nd over - 0 run(s), 1 hit(s), 0 error(s), 1 left on base; Salt Lake City 1 - Hialeah 2 |
BOTTOM OF THE 2ND |
Hialeah Dodos batting - Pitching for Salt Lake City Buzz : RHP Pedro Espinoza
|
Batting: RHB Javier Santos
|
0-0: Called Strike 0-1: Reached on error, E4 (Groundball, 4S)
|
Batting: RHB Vincente Rotham
|
0-0: Swinging Strike 0-1: Ball 1-1: Ball 2-1: Swinging Strike 2-2: Fly out, F8 (Line Drive, 8LM)
|
Batting: RHB Diego Bonilla
|
0-0: Ball 1-0: Fly out, F4 (Line Drive, 4)
|
Batting: LHB Alfonso Núñez
|
0-0: Ground out 4-3 (Groundball, 34)
|
Bottom of the 2nd over - 0 run(s), 0 hit(s), 1 error(s), 1 left on base; Salt Lake City 1 - Hialeah 2 |
TOP OF THE 3RD |
Salt Lake City Buzz batting - Pitching for Hialeah Dodos : RHP Jim Unknown
|
Batting: RHB Alan Rosales
|
0-0: Ball 1-0: Swinging Strike 1-1: Ball 2-1: Foul Ball, location: 2F 2-2: Foul Ball, location: 2F 2-2: Foul Ball, location: 2F 2-2: Ground out 5-3 (Groundball, 56)
|
Batting: RHB Carlos López
|
0-0: Ball 1-0: Called Strike 1-1: Fly out, F9 (Popup, 34D)
|
Batting: SHB Carlton Reed
|
0-0: Ball 1-0: Ball 2-0: Ball 3-0: Called Strike 3-1: Called Strike 3-2: Foul Ball, location: 2F 3-2: Base on Balls
|
Batting: RHB Gustavo Berrios
|
0-0: Ball 1-0: Ball 2-0: Called Strike 2-1: Fielders Choice at 2nd, U4 (Groundball, 4M)
|
Top of the 3rd over - 0 run(s), 0 hit(s), 0 error(s), 1 left on base; Salt Lake City 1 - Hialeah 2 |
BOTTOM OF THE 3RD |
Hialeah Dodos batting - Pitching for Salt Lake City Buzz : RHP Pedro Espinoza
|
Batting: RHB Yoshio Matsuo
|
0-0: Ball 1-0: Ball 2-0: Ball 3-0: Foul Ball, location: 2F 3-1: Base on Balls
|
Batting: LHB Jeff Rutherford
|
0-0: Called Strike 0-1: Ball 1-1: Ball 2-1: Foul Ball, location: 2F 2-2: Foul Ball, location: 2F 2-2: Fielders Choice at 2nd, U6 (Groundball, 6M)
|
Batting: RHB Alexis Smeddon
|
0-0: Ball 1-0: Foul Ball, location: 2F 1-1: Ball 2-1: Fielders Choice at 2nd, 6-4 (Groundball, 6)
|
Batting: LHB Raúl Aguirre
|
0-0: Ball 1-0: Ball 2-0: Called Strike 2-1: Foul Ball, location: 2F 2-2: Fly out, F7 (Flyball, 7LD)
|
Bottom of the 3rd over - 0 run(s), 0 hit(s), 0 error(s), 1 left on base; Salt Lake City 1 - Hialeah 2 |
TOP OF THE 4TH |
Salt Lake City Buzz batting - Pitching for Hialeah Dodos : RHP Jim Unknown
|
Batting: LHB Ángel Aguilar
|
0-0: Called Strike 0-1: Ball 1-1: Fly out, F5 (Line Drive, 56S)
|
Batting: SHB Wayne Saunders
|
0-0: Ball 1-0: Ball 2-0: Called Strike 2-1: SINGLE (Groundball, 5D)
|
Batting: RHB Andrew Hall
|
0-0: Fly out, F8 (Flyball, 8RS)
|
Batting: RHB Roger Lakes
|
0-0: Ball 1-0: Fly out, F9 (Flyball, 89M)
|
Top of the 4th over - 0 run(s), 1 hit(s), 0 error(s), 1 left on base; Salt Lake City 1 - Hialeah 2 |
BOTTOM OF THE 4TH |
Hialeah Dodos batting - Pitching for Salt Lake City Buzz : RHP Pedro Espinoza
|
Batting: LHB Perry Bothof
|
0-0: Called Strike 0-1: Foul Ball, location: 2F 0-2: Ball 1-2: Ball 2-2: SOLO HOME RUN (Flyball, 9LD), Distance : 351 ft
|
Batting: RHB Javier Santos
|
0-0: Called Strike 0-1: Ball 1-1: Called Strike 1-2: Foul Ball, location: 2F 1-2: Strikes out swinging
|
Batting: RHB Vincente Rotham
|
0-0: Ball 1-0: Fly out, F8 (Flyball, 8RD)
|
Batting: RHB Diego Bonilla
|
0-0: Called Strike 0-1: Called Strike 0-2: Ball 1-2: Ball 2-2: Ball 3-2: Foul Ball, location: 2F 3-2: Foul Ball, location: 2F 3-2: Base on Balls
|
Batting: LHB Alfonso Núñez
|
0-0: Ball 1-0: Ground out 4-3 (Groundball, 4)
|
Bottom of the 4th over - 1 run(s), 1 hit(s), 0 error(s), 1 left on base; Salt Lake City 1 - Hialeah 3 |
TOP OF THE 5TH |
Salt Lake City Buzz batting - Pitching for Hialeah Dodos : RHP Jim Unknown
|
Batting: RHB Patrick Clark
|
0-0: Ground out 6-3 (Groundball, 6M)
|
Batting: RHB Alan Rosales
|
0-0: Ball 1-0: Called Strike 1-1: Foul Ball, location: 2F 1-2: DOUBLE (Groundball, 3L)
|
Pinch Runner at 2nd Juan Martínez:
|
|
Batting: RHB Carlos López
|
0-0: Swinging Strike 0-1: Ball 1-1: Swinging Strike 1-2: Strikes out swinging
|
Batting: SHB Carlton Reed
|
0-0: Ball 1-0: Ball 2-0: Swinging Strike 2-1: Called Strike 2-2: Foul Ball, location: 2F 2-2: Foul Ball, location: 2F 2-2: DOUBLE (Flyball, 78D) Juan Martínez scores
|
Batting: RHB Gustavo Berrios
|
0-0: Foul Ball, location: 2F 0-1: Called Strike 0-2: Ball 1-2: Ball 2-2: Foul Ball, location: 2F 2-2: Strikes out swinging
|
Top of the 5th over - 1 run(s), 2 hit(s), 0 error(s), 1 left on base; Salt Lake City 2 - Hialeah 3 |
BOTTOM OF THE 5TH |
Hialeah Dodos batting - Pitching for Salt Lake City Buzz : RHP Pedro Espinoza
|
Now in LF: Juan Martínez
|
|
Batting: RHB Yoshio Matsuo
|
0-0: SINGLE (Flyball, 7S)
|
Batting: LHB Jeff Rutherford
|
0-0: Ball 1-0: Ball 2-0: Swinging Strike 2-1: Ball 3-1: Called Strike 3-2: Foul Ball, location: 2F 3-2: Foul Ball, location: 2F 3-2: Base on Balls Yoshio Matsuo to second
|
Batting: RHB Alexis Smeddon
|
0-0: Ball 1-0: Foul Ball, location: 2F 1-1: Ball 2-1: Fly out, F6 (Popup, 6MD)
|
Batting: LHB Raúl Aguirre
|
0-0: Called Strike 0-1: Ball 1-1: Foul Ball, location: 2F 1-2: Foul Ball, location: 2F 1-2: Ball 2-2: Foul Ball, location: 2F 2-2: Ball 3-2: Foul Ball, location: 2F 3-2: Foul Ball, location: 2F 3-2: Base on Balls Yoshio Matsuo to third Jeff Rutherford to second
|
Pitching: RHP Deron Kuhn
|
|
Batting: LHB Perry Bothof
|
0-0: Called Strike 0-1: Ball 1-1: Fly out, F7 (Flyball, 7M)
|
Batting: RHB Javier Santos
|
0-0: Called Strike 0-1: Called Strike 0-2: Foul Ball, location: 2F 0-2: Foul Ball, location: 2F 0-2: Foul Ball, location: 2F 0-2: Strikes out swinging
|
Bottom of the 5th over - 0 run(s), 1 hit(s), 0 error(s), 3 left on base; Salt Lake City 2 - Hialeah 3 |
TOP OF THE 6TH |
Salt Lake City Buzz batting - Pitching for Hialeah Dodos : RHP Jim Unknown
|
Batting: LHB Ángel Aguilar
|
0-0: Ball 1-0: Fly out, F8 (Flyball, 78D)
|
Batting: SHB Wayne Saunders
|
0-0: Ball 1-0: Ball 2-0: Called Strike 2-1: Ball 3-1: SINGLE (Groundball, 56D) (infield hit)
|
Batting: RHB Andrew Hall
|
0-0: Foul Ball, location: 2F 0-1: Ball 1-1: Ball 2-1: DOUBLE (Line Drive, 7LS) Wayne Saunders to third
|
Batting: RHB Roger Lakes
|
0-0: Called Strike 0-1: Ground out 4-3 (Groundball, 4M)
|
Batting: RHB Patrick Clark
|
0-0: Ball 1-0: Ball 2-0: Ball 3-0: Called Strike 3-1: Called Strike 3-2: Fly out, F7 (Flyball, 78XD)
|
Top of the 6th over - 0 run(s), 2 hit(s), 0 error(s), 2 left on base; Salt Lake City 2 - Hialeah 3 |
BOTTOM OF THE 6TH |
Hialeah Dodos batting - Pitching for Salt Lake City Buzz : RHP Deron Kuhn
|
Batting: RHB Vincente Rotham
|
0-0: Ball 1-0: Foul Ball, location: 2F 1-1: Swinging Strike 1-2: Ball 2-2: Strikes out swinging
|
Batting: RHB Diego Bonilla
|
0-0: Ball 1-0: Called Strike 1-1: Swinging Strike 1-2: Strikes out swinging
|
Batting: LHB Alfonso Núñez
|
0-0: Called Strike 0-1: Foul Ball, location: 2F 0-2: Ball 1-2: Foul Ball, location: 2F 1-2: Ball 2-2: Foul Ball, location: 2F 2-2: Ball 3-2: SINGLE (Line Drive, 34D)
|
Batting: RHB Yoshio Matsuo
|
0-0: Called Strike 0-1: Foul Ball, location: 2F 0-2: Ball 1-2: Ball 2-2: Ball 3-2: Ground out 5-3 (Groundball, 5)
|
Bottom of the 6th over - 0 run(s), 1 hit(s), 0 error(s), 1 left on base; Salt Lake City 2 - Hialeah 3 |
TOP OF THE 7TH |
Salt Lake City Buzz batting - Pitching for Hialeah Dodos : RHP Jim Unknown
|
Batting: RHB Juan Martínez
|
0-0: Called Strike 0-1: Ball 1-1: Called Strike 1-2: Strikes out looking
|
Batting: RHB Carlos López
|
0-0: Ball 1-0: Fly out, F8 (Flyball, 8LD)
|
Batting: SHB Carlton Reed
|
0-0: Ball 1-0: Called Strike 1-1: Called Strike 1-2: Foul Ball, location: 2F 1-2: Ball 2-2: Reached on error, E2 (Groundball, 25)
|
Pitching: RHP Jim Unknown
|
|
Batting: RHB Gustavo Berrios
|
0-0: Fly out, F8 (Flyball, 8LXD)
|
Top of the 7th over - 0 run(s), 0 hit(s), 1 error(s), 1 left on base; Salt Lake City 2 - Hialeah 3 |
BOTTOM OF THE 7TH |
Hialeah Dodos batting - Pitching for Salt Lake City Buzz : RHP Deron Kuhn
|
Batting: LHB Jeff Rutherford
|
0-0: Swinging Strike 0-1: Swinging Strike 0-2: Foul Ball, location: 2F 0-2: Ground out 4-3 (Groundball, 4MS)
|
Batting: RHB Alexis Smeddon
|
0-0: Ball 1-0: Foul Ball, location: 2F 1-1: Foul Ball, location: 2F 1-2: Ground out 6-3 (Groundball, 6)
|
Batting: LHB Raúl Aguirre
|
0-0: Ball 1-0: Called Strike 1-1: Ground out U3 (Groundball, 3S)
|
Bottom of the 7th over - 0 run(s), 0 hit(s), 0 error(s), 0 left on base; Salt Lake City 2 - Hialeah 3 |
TOP OF THE 8TH |
Salt Lake City Buzz batting - Pitching for Hialeah Dodos : RHP Jim Unknown
|
Pitching: LHP Jim Unknown
|
|
Batting: LHB Ángel Aguilar
|
0-0: Foul Ball, location: 2F 0-1: Ball 1-1: Foul Ball, location: 2F 1-2: SINGLE (Groundball, 5D)
|
Pitching: RHP Jim Unknown
|
|
Batting: SHB Wayne Saunders
|
0-0: Ball 1-0: Ball 2-0: Ball 3-0: Called Strike 3-1: SINGLE (Groundball, 5D) Ángel Aguilar to second
|
Batting: RHB Andrew Hall
|
0-0: Ball 1-0: Ball 2-0: Ball 3-0: Called Strike 3-1: Called Strike 3-2: Foul Ball, location: 2F 3-2: Strikes out swinging
|
Pinch Hitting: LHB Valentín Salas
|
0-0: Foul Ball, location: 2F 0-1: Fly out, F8 (Flyball, 8RXD) Runner from 2nd tags up, SAFE at 3rd, no throw
|
Batting: RHB Patrick Clark
|
0-0: Ball 1-0: Called Strike 1-1: Foul Ball, location: 2F 1-2: Foul Ball, location: 2F 1-2: Ground out 5-3 (Groundball, 5L)
|
Top of the 8th over - 0 run(s), 2 hit(s), 0 error(s), 2 left on base; Salt Lake City 2 - Hialeah 3 |
BOTTOM OF THE 8TH |
Hialeah Dodos batting - Pitching for Salt Lake City Buzz : RHP Deron Kuhn
|
Now at 2B: Valentín Salas
|
|
Batting: LHB Perry Bothof
|
0-0: Fly out, F8 (Flyball, 8LXD)
|
Pitching: RHP Eduardo Romero
|
|
Batting: RHB Javier Santos
|
0-0: Ground out 6-3 (Groundball, 6)
|
Batting: RHB Vincente Rotham
|
0-0: Called Strike 0-1: SINGLE (Groundball, 3S)
|
Pinch Hitting: LHB Álex Burgos
|
0-0: 2-RUN HOME RUN (Flyball, 9D), Distance : 379 ft
|
Batting: LHB Alfonso Núñez
|
0-0: Foul Ball, location: 2F 0-1: Ball 1-1: Foul Ball, location: 2F 1-2: Foul Ball, location: 2F 1-2: Ball 2-2: SINGLE (Line Drive, 4M)
|
Batting: RHB Yoshio Matsuo
|
0-0: Ball 1-0: Foul Ball, location: 2F 1-1: Ball 2-1: Swinging Strike 2-2: SINGLE (Groundball, 34) Alfonso Núñez to second Runner from 2nd tries for 3rd, SAFE, throw made to third
|
Batting: LHB Jeff Rutherford
|
0-0: Ball 1-0: Called Strike 1-1: Foul Ball, location: 2F 1-2: Foul Ball, location: 2F 1-2: Strikes out swinging
|
Bottom of the 8th over - 2 run(s), 4 hit(s), 0 error(s), 2 left on base; Salt Lake City 2 - Hialeah 5 |
TOP OF THE 9TH |
Salt Lake City Buzz batting - Pitching for Hialeah Dodos : RHP Jim Unknown
|
Pitching: RHP Lorenzo Tamargo
|
|
Now in CF: John Cossey
|
|
Batting: RHB Juan Martínez
|
0-0: Hit by Pitch
|
Pinch Runner at 1st Jim Unknown:
|
|
Batting: RHB Carlos López
|
0-0: Ball Wild Pitch! Jim Unknown to second 1-0: Ball 2-0: Ball 3-0: Called Strike 3-1: Called Strike 3-2: Base on Balls
|
Batting: SHB Carlton Reed
|
0-0: Ball 1-0: Called Strike 1-1: Foul Ball, location: 2F 1-2: Ball 2-2: Foul Ball, location: 2F 2-2: Ball 3-2: Foul Ball, location: 2F 3-2: Foul Ball, location: 2F 3-2: Base on Balls Jim Unknown to third Carlos López to second
|
Batting: RHB Gustavo Berrios
|
0-0: Foul Ball, location: 2F 0-1: Ball 1-1: Swinging Strike 1-2: Fly out, F3 (Popup, 3F)
|
Batting: LHB Ángel Aguilar
|
0-0: Called Strike 0-1: Foul Ball, location: 2F 0-2: Ground out U3 (Groundball, 3S) Jim Unknown scores Carlos López to third Carlton Reed to second
|
Batting: SHB Wayne Saunders
|
0-0: Ball 1-0: Ball 2-0: Foul Ball, location: 2F 2-1: Foul Ball, location: 2F 2-2: SINGLE (Flyball, 7LS) Carlos López scores Carlton Reed to third
|
Batting: RHB Andrew Hall
|
0-0: Ball 1-0: Foul Ball, location: 2F 1-1: Foul Ball, location: 2F 1-2: Foul Ball, location: 2F 1-2: Ball 2-2: Ball 3-2: Base on Balls Wayne Saunders to second
|
Batting: LHB Valentín Salas
|
0-0: Foul Ball, location: 2F 0-1: Called Strike 0-2: Fly out, F9 (Flyball, 89M)
|
Top of the 9th over - 2 run(s), 1 hit(s), 0 error(s), 3 left on base; Salt Lake City 4 - Hialeah 5 |
|